Map: Crête de Lerilak

Players

arckoss

  • Race: Protoss Protoss
  • League: Bronze
  • Spawn Location: 11:00

zidar - Winner!

  • Race: Zerg Zerg
  • League: Silver
  • Spawn Location: 1:00

VOD

Have the link to the VOD?

Description

Time

  • Played on: Feb. 18, 2016, 10:30 a.m.
  • Length: 5:33
Show
View Real Time Build Order
Export as new Build Order

arckoss Protoss 

Build Orders:  

Get SALT Encoding   

  12  0:02  Probe (Chrono Boost)  
  13  0:13  Probe (Chrono Boost)  
  14  0:21  Pylon  
  14  0:26  Probe (Chrono Boost)  
  15  0:40  Forge  
  15  0:50  Probe (Chrono Boost)  
  16  1:00  Probe (Chrono Boost)  
  17  1:09  Gateway  
  17  1:11  Pylon  
  17  1:18  Probe (Chrono Boost)  
  18  1:26  Pylon  
  18  1:36  Probe (Chrono Boost)  
  18  1:37  Photon Cannon  
  18  1:39  Photon Cannon  
  19  1:49  Assimilator  
  19  2:00  Pylon  
  19  2:09  Pylon  
  19  2:15  Zealot  
  21  2:26  Photon Cannon  
  20  2:36  Probe (Chrono Boost)  
  21  2:45  Zealot  
  21  3:34  Photon Cannon  
  21  3:35  Photon Cannon  
  21  3:41  Pylon  
  21  3:46  Photon Cannon  
  21  3:51  Photon Cannon  
  21  3:56  Gateway  
  21  3:58  Zealot  
  21  4:00  Probe (Chrono Boost)  
  24  4:04  Assimilator  
  24  4:13  Photon Cannon  
  24  4:15  Photon Cannon  
  24  4:18  Gateway  
  24  4:25  Zealot, Cybernetics Core  
  26  4:33  Probe (Chrono Boost)  
  27  4:43  Probe (Chrono Boost)  
Show
View Real Time Build Order
Export as new Build Order

zidar Zerg - Winner!

Build Orders: Pool First 

Get SALT Encoding   

  12  0:01  Drone  
  13  0:12  Overlord  
  13  0:17  Drone  
  14  0:30  Drone  
  14  0:31  Drone  
  14  0:34  Drone  
  17  0:48  Spawning Pool  
  16  0:50  Drone  
  17  1:14  Hatchery  
  17  1:16  Drone  
  17  1:20  Extractor  
  17  1:21  Drone  
  17  1:27  Drone  
  18  1:36  Queen  
  20  1:44  Overlord  
  20  2:00  Drone x2  
  22  2:12  Queen  
  24  2:45  Zergling x4  
  24  2:46  Zergling x4  
  24  2:48  Zergling x2  
  29  3:12  Metabolic Boost  
  29  3:18  Roach Warren  
  27  3:41  Queen  
  29  3:53  Hatchery  
  28  3:56  Zergling x14  
  35  4:24  Overlord x3  
Tags
 
Add a new tag
Caveats
  • Supply blocks, unpowered buildings, or Contaminate may cause inaccurate times.
  • Supply counts are checked every 10 seconds.